Map: 环轨星港

Players

shengy - Winner!

  • Race: Zerg Zerg
  • League: Gold

Brandstar

  • Race: Terran Terran

VOD

Have the link to the VOD?

Description

Time

  • Played on: Nov. 27, 2015, 1:07 a.m.
  • Length: 7:06
Show
View Real Time Build Order
Export as new Build Order

shengy Zerg - Winner!

Build Orders: Hatch First 

Get SALT Encoding   

  12  0:01  Drone  
  13  0:09  Drone  
  14  0:19  Overlord  
  14  0:37  Drone x3  
  17  0:48  Drone  
  18  0:59  Hatchery  
  18  1:03  Drone  
  18  1:15  Spawning Pool  
  17  1:18  Extractor  
  16  1:29  Drone x2  
  18  1:35  Drone  
  19  1:45  Drone  
  20  2:04  Zergling x4  
  22  2:10  Queen  
  22  2:11  Overlord  
  22  2:15  Extractor  
  24  2:39  Metabolic Boost, Drone x2  
  24  2:42  Drone x2  
  28  2:58  Overlord  
  28  2:59  Drone  
  28  3:00  Drone x2  
  28  3:04  Roach Warren  
  30  3:06  Extractor, Lair  
  30  3:08  Drone, Extractor  
  30  3:12  Extractor, Queen  
  31  3:15  Drone  
  31  3:24  Drone x3  
  34  3:33  Drone  
  35  3:37  Overlord x2  
  35  3:48  Roach  
  35  3:49  Roach  
  35  3:51  Queen  
  41  4:09  Overseer  
  41  4:16  Baneling Nest  
  40  4:19  Overseer  
  40  4:22  Zergling x10  
  40  4:23  Zergling x4  
  47  4:27  Evolution Chamber  
  47  4:28  Evolution Chamber  
  45  4:38  Zergling x6  
  48  4:52  Overlord x2  
  48  4:53  Nydus Network  
  48  4:54  Zergling x4  
  49  5:13  Queen  
  50  5:33  Baneling x7  
  50  5:34  Baneling x3  
  51  5:35  Zergling x4  
  51  5:36  Zergling x4  
  54  5:48  Queen, Zergling x4  
  54  5:49  Zergling x6  
  61  5:58  Nydus Canal  
  61  6:01  Drone  
  62  6:06  Overlord  
  62  6:07  Drone  
  62  6:09  Drone  
  50  6:38  Zergling x2  
  50  6:39  Zergling x8  
  55  6:40  Zergling x6  
Show
View Real Time Build Order
Export as new Build Order

Brandstar Terran 

Build Orders:  

Get SALT Encoding   

  12  0:02  SCV  
  13  0:14  SCV  
  14  0:22  Supply Depot  
  14  0:26  SCV  
  15  0:43  SCV  
  16  0:56  SCV  
  17  1:01  Barracks  
  17  1:04  Refinery  
  17  1:08  SCV  
  18  1:27  SCV  
  19  1:40  SCV  
  20  1:49  Marine  
  20  1:52  Barracks  
  21  2:01  Orbital Command  
  21  2:03  Supply Depot  
  21  2:08  Barracks Tech Lab  
  21  2:27  SCV  
  21  2:30  Marine  
  21  2:37  Supply Depot  
  21  2:51  Command Center  
  21  2:54  Barracks  
  21  2:57  Marine  
  21  2:58  Marine  
  23  2:59  Stimpack  
  23  3:08  Refinery, SCV  
  24  3:15  Marine x2  
  26  3:21  Bunker  
  26  3:25  SCV  
  27  3:33  Marine x2  
  29  3:39  SCV  
  29  3:40  Marine  
  31  3:46  Supply Depot  
  31  3:51  Marine  
  32  3:58  SCV, Marine  
  32  3:59  Marine  
  32  4:00  Supply Depot  
  35  4:09  Marine  
  36  4:23  SCV  
  37  4:32  Command Center  
  37  4:33  Marine x2  
  37  4:34  Marauder  
  37  4:36  SCV  
  42  4:45  Barracks  
  42  4:51  SCV x2  
  44  4:54  Marine x2  
  46  5:03  SCV x2, Marine  
  49  5:11  Marine  
  50  5:15  SCV x2  
  52  5:25  Marine x2  
  54  5:35  Supply Depot  
  54  5:37  SCV  
  55  5:42  Orbital Command  
  55  5:44  Marauder  
  55  5:47  Orbital Command  
  57  5:58  Barracks  
  57  6:05  Marauder  
  57  6:08  Factory  
  57  6:10  SCV x2  
  61  6:13  SCV  
  62  6:22  SCV x2  
  65  6:25  SCV  
  41  6:34  Marine x3  
Tags
 
League
Gold
Matchup
TvZ
Add a new tag
Caveats
  • Supply blocks, unpowered buildings, or Contaminate may cause inaccurate times.
  • Supply counts are checked every 10 seconds.